 Dungeon Crawl Stone Soup version 0.29-a0-370-gb5314be063 (webtiles) character file.

Game seed: 6871986422016873174

70 Artihs the Insei (level 4, -5/32 HPs)
             Began as a Human Transmuter on May 2, 2022.
             Slain by Sigmund
             ... wielding a +0 scythe
              (6 damage)
             ... on level 2 of the Dungeon.
             The game lasted 00:10:52 (1622 turns).

Artihs the Insei (Human Transmuter)                 Turns: 1622, Time: 00:10:52

Health: -5/32      AC:  3    Str: 10    XL:     4   Next: 44%
Magic:  5/7        EV: 12    Int: 13    God:
Gold:   73         SH:  0    Dex: 16    Spells: 5/8 levels left

rFire   + . .      SeeInvis .     - Unarmed
rCold   . . .      Faith    .   (no shield)
rNeg    . . .      Spirit   .   a - +0 robe
rPois   .          Reflect  .   (no helmet)
rElec   .          Harm     .   (no cloak)
rCorr   .          Rampage  .   i - +0 pair of gloves
Will    .....                   (no boots)
Stlth   +.........              (no amulet)
HPRegen 0.10/turn               e - ring of protection from fire
MPRegen 0.10/turn               (no ring)

@: confused, wereblooded
A: no striking features
a: no special abilities


You were on level 2 of the Dungeon.
You visited 1 branch of the dungeon, and saw 2 of its levels.

You collected 73 gold pieces.

Inventory:

Missiles
 g - 2 javelins
Armour
 a - a +0 robe (worn)
 i - a +0 pair of gloves (worn)
Jewellery
 e - a ring of protection from fire (left hand)
Scrolls
 c - a scroll of fear {unknown}
 d - 2 scrolls of amnesia {unknown}
 h - a scroll of noise {unknown}
 l - a scroll of identify {unknown}
Potions
 b - a potion of lignification
 f - 3 potions of curing {unknown}
 j - a potion of brilliance {unknown}
 k - 2 potions of heal wounds {unknown}


   Skills:
 + Level 1.5 Fighting
 + Level 0.9 Armour
 + Level 2.4 Dodging
 + Level 3.4 Unarmed Combat
 + Level 2.5 Spellcasting
 + Level 2.6 Transmutations


You had 5 spell levels left.
You knew the following spells:

 Your Spells              Type           Power      Damage    Failure   Level
a - Beastly Appendage     Tmut           16%        N/A       9%          1
b - Wereblood             Tmut           8%         N/A       13%         2

Your spell library contained the following spells:

 Spells                   Type           Power      Damage    Failure   Level
 Spider Form              Tmut/Pois      5%         N/A       38%         3
 Gell's Gravitas          Tloc           1%         N/A       58%         3
 Lesser Beckoning         Tloc           1%         N/A       58%         3
 Teleport Other           Tloc           1%         N/A       58%         3
 Ice Form                 Ice/Tmut       5%         N/A       80%         4


Dungeon Overview and Level Annotations

Branches:
Dungeon (2/15)

Altars:

Annotations:
D:2 Sigmund


Message History

Your horns disappear.
Your talons disappear.
Sigmund and a kobold come into view.
Sigmund shouts!
The kobold shouts!
You hear a shout!
Okay, then.
Casting: Wereblood (safe; 13% risk of failure)
Press: ? - help, Q - select action, (/) - cycle Dir - look around, f - activate Your blood is infused with primal strength.
Casting: Beastly Appendage (safe; 9% risk of failure)
Press: ? - help, Q - select action, (/) - cycle Dir - look around, f - activate You grow a pair of large bovine horns.
Your feet morph into talons.
The kobold throws a stone.
The stone hits you but does no damage.
Your transformation is almost over.
Sigmund mumbles some strange words.
Sigmund flickers and vanishes!
Deactivating autopickup; reactivate with Ctrl-A.
The kobold hits you with a +0 club.
You barely miss the kobold. Your kick misses the kobold.
You hit the kobold but do no damage. Your kick misses the kobold.
The kobold hits you but does no damage. Something hits you!
You closely miss the kobold. You claw the kobold.
You feel a bit better.
You kill the kobold!
A hobgoblin comes into view.
You hear some strange, mumbled words.
You are confused.
You are too confused!
Something hits you!
Items here: ! ( ) = ?.
You bump into the rock wall.
You miss something. Something hits you!
* * * LOW HITPOINT WARNING * * *
You're too confused to move!
Something hits you.
* * * LOW HITPOINT WARNING * * *
You bump into the rock wall.
Your horns disappear.
Your talons disappear.
You are too injured to fight recklessly!
You're too confused to cast spells.
You hit something but do no damage.
You howl as the wereblood boils in your veins!
Something hits you.
You die...

#... #..# .... ..# ..#
#g# #{# #.#
#@#########.# ..
#.##.......# #.#
#.##.######.#
#.######## #.......#
###
#........#####...#.#
#..
#........##........#
...
#........##.##...###
#.# #..)..........#.##
#.#
#........##.#....#####
#.#


You could see a hobgoblin.

Vanquished Creatures
  2 adders (D:2)
  2 bats
  2 endoplasms
  3 giant cockroaches
  6 goblins
  6 hobgoblins
  5 jackals
  6 kobolds
  3 quokkas
  2 ball pythons (D:1)
  3 frilled lizards (D:1)
  7 rats (D:1)
47 creatures vanquished.

Notes
Turn   | Place    | Note
-------+----------+-------------------------------------------
     0 | D:1      | Artihs the Human Transmuter began the quest for the Orb.
     0 | D:1      | Reached XP level 1. HP: 15/15 MP: 3/3
    27 | D:1      | Reached XP level 2. HP: 17/21 MP: 3/5
   382 | D:1      | Reached XP level 3. HP: 24/26 MP: 4/6
   869 | D:1      | Learned a level 2 spell: Wereblood
  1162 | D:2      | Reached XP level 4. HP: 32/32 MP: 5/7
  1609 | D:2      | Noticed Sigmund
  1620 | D:2      | HP: 1/32 [something (4)]
  1622 | D:2      | Slain by Sigmund

Illustrated notes

Levels and vault maps discovered:
D:1:      ebering_trefoil_3fold, layout_loops_ring
D:2:      layout_loops_ring, kennysheep_generic_room_2, uniq_sigmund

Action                   |  1- 3 |  4- 6 || total
-------------------------+-------+-------++-------
Melee: Unarmed           |    81 |    35 ||   116
       Kick              |    26 |     7 ||    33
       Headbutt          |    15 |     4 ||    19
 Cast: Beastly Appendage |    21 |     7 ||    28
       Wereblood         |       |     1 ||     1
Armor: Robe              |    14 |    14 ||    28
Dodge: Dodged            |    45 |    27 ||    72

Table legend: (Time is in decaauts)
 A = Elapsed time spent in this place.
 B = Non-inter-level travel time spent in this place.
 C = Inter-level travel time spent in this place.
 D = Time resting spent in this place.
 E = Time spent auto-exploring this place.
 F = Levels seen in this place.
 G = Mean time per level.
                   A        B        C        D        E       F      G
               +--------+--------+--------+--------+--------+-----+--------+
         Total |   1614 |   1472 |    142 |    254 |    948 |   2 |  807.0 |
       Dungeon |   1614 |   1472 |    142 |    254 |    948 |   2 |  807.0 |
               +--------+--------+--------+--------+--------+-----+--------+

Top non-repeatable levels by time:
     D:1: 1081 daAuts
     D:2: 532 daAuts
